 Dungeon Crawl Stone Soup version 0.20.1-1-g8b1a95d (webtiles) character file.

7280 zezblit the Fighter (level 10, -5/80 HPs)
             Began as a Demonspawn Gladiator on Oct 25, 2017.
             Was an Elder of Okawaru.
             Slain by a two-headed ogre
             ... wielding a +0 giant club
              (22 damage)
             ... on level 10 of the Dungeon.
             The game lasted 01:28:14 (13257 turns).

zezblit the Fighter (Demonspawn Gladiator)         Turns: 13257, Time: 01:28:16

Health: -5/80      AC: 15    Str: 19    XL:     10   Next: 89%
Magic:  10/10      EV:  9    Int:  9    God:    Okawaru [****..]
Gold:   459        SH:  0    Dex: 14    Spells: 9/9 levels left

rFire    . . .     SeeInvis .   D - +1 battleaxe (freeze)
rCold    . . .     Gourm    .   (shield currently unavailable)
rNeg     + . .     Faith    .   m - +3 scale mail {MR+}
rPois    .         Spirit   .   c - +0 helmet
rElec    .         Reflect  .   P - +0 cloak
rCorr    .         Harm     .   E - +0 pair of gloves
MR       +....                  (no boots)
Stlth    +.........             (no amulet)
Regen    0.3/turn               F - ring of positive energy
MPRegen  0.2/turn               (no ring)

@: extremely drained
A: claws 1, molten scales 2, nightstalker 1, powered by death 1
a: Heroism, Renounce Religion


You were on level 10 of the Dungeon.
You worshipped Okawaru.
Okawaru was greatly pleased with you.
You were not hungry.

You visited 2 branches of the dungeon, and saw 12 of its levels.
You visited the Abyss 2 times.
You also visited: Bailey.

You collected 639 gold pieces.
You spent 180 gold pieces at shops.

Inventory:

Hand Weapons
 b - a +2 triple crossbow of flaming
 v - a +0 blowgun
 y - a +0 short sword of venom
 z - a +0 hunting sling
 C - a +0 hand axe
 D - a +1 battleaxe of freezing (weapon)
 J - a +4 battleaxe
 L - a +0 hand crossbow of velocity
Missiles
 d - 6 throwing nets
 e - 97 sling bullets
 o - 2 steel javelins (quivered)
 r - 8 tomahawks
 x - 48 poisoned needles
Armour
 c - a +0 helmet (worn)
 m - a +3 scale mail of magic resistance (worn)
 A - a +2 chain mail of fire resistance
 E - a +0 pair of gloves (worn)
 G - a +2 chain mail of cold resistance
 I - a +4 scale mail of poison resistance
 P - a +0 cloak (worn)
Jewellery
 F - a ring of positive energy (left hand)
Wands
 a - a wand of scattershot (4/9)
 h - a wand of acid (0/15)
 Q - a wand of random effects (19/48)
 S - a wand of lightning (0/15)
Scrolls
 g - 6 scrolls of remove curse
 i - a scroll of noise
 K - a scroll of recharging
 O - a scroll of acquirement
 R - a scroll of magic mapping
Potions
 j - 2 potions of brilliance
 k - a potion of agility
 n - 3 potions of magic
 p - 3 potions of haste
 q - 2 potions of degeneration
 u - a potion of resistance
 B - a potion of mutation
 H - a potion of flight {unknown}
 N - 2 potions of lignification {unknown}
Comestibles
 f - 6 bread rations
 l - 3 meat rations
 s - 6 fruits
 t - 7 royal jellies


   Skills:
 + Level 8.3(0.0) Fighting
 + Level 8.0(0.0) Axes
 + Level 7.8(0.0) Throwing
 + Level 3.5(0.0) Armour
 + Level 8.0(0.0) Dodging


You had 9 spell levels left.
You didn't know any spells.

Dungeon Overview and Level Annotations

Branches:
Dungeon (11/15)            Temple (1/1) D:5
   Lair: D:8-11         Orc: D:9-12

Altars:
Ashenzari
Cheibriados
Dithmenos
Elyvilon
Fedhas
Gozag
Hepliaklqana
Kikubaaqudgha
Makhleb
Nemelex Xobeh
Okawaru
Qazlal
Ru
Sif Muna
Trog
Uskayaw
Vehumet
Xom
Yredelemnul
Zin
The Shining One

Shops:
D:5 (   D:9 *

Annotations:
D:10 Sonja


Innate Abilities, Weirdness & Mutations

You have sharp fingernails.
You are mostly covered in molten scales. (AC +3)
You are slightly more attuned to the shadows.
You regenerate a little health from kills.


Message History

The two-headed ogre is heavily wounded.
The two-headed ogre hits you but does no damage.
The two-headed ogre hits you with a giant spiked club!
You barely miss the two-headed ogre.
The two-headed ogre is heavily wounded.
The two-headed ogre hits you with a giant club!!
The two-headed ogre hits you with a giant spiked club!
* * * LOW HITPOINT WARNING * * *
You hit the two-headed ogre but do no damage.
The two-headed ogre is heavily wounded.
The two-headed ogre hits you with a giant club.
* * * LOW HITPOINT WARNING * * *
The two-headed ogre hits you but does no damage.
You slash the two-headed ogre! You freeze the two-headed ogre.
The two-headed ogre is almost dead.
The two-headed ogre closely misses you. x2
The two-headed ogre hits you with a giant club.
* * * LOW HITPOINT WARNING * * *
The two-headed ogre hits you with a giant spiked club!!
You die...

.#...##........#......#..##.....#
.######...###'##......#..##.....#
(#........#...........#...#.....#
.(........#...........'..##....##
.#.[(.....#...........#..##....##
.#..((T...#...........#####.....#
.#.).##...#...........#.........#
.######...#.....O.....#.........#
.#........#.....@.....#.........#
.#........#...........#.........#
.#........#...........#..##....##
.###'##...#...........##########
.#...##...#........%..#
##....#...#.....#######
.)....#...#.....#
##...##...#.....#
##...##...#.....#


You could see a two-headed ogre.

Vanquished Creatures
  Erolcha (D:10)
  A two-headed ogre (D:10)
  A wizard (D:10)
  A gargoyle (D:10)
  A troll (D:10)
  Prince Ribbit (D:7)
  A wyvern (D:8)
  A yak (D:7)
  3 hogs (D:7)
  A human (D:7)
  Grum (D:9)
  A black bear (D:10)
  An orc warrior (D:10)
  A sky beast (D:6)
  A centaur (D:11)
  7 ogres
  3 ice beasts
  4 wolves (D:9)
  2 big kobolds (D:10)
  2 gnoll sergeants (Bailey)
  2 scorpions (D:5)
  6 killer bees (D:10)
  4 wights (D:8)
  5 howler monkeys
  2 crimson imps
  A jelly (D:10)
  4 orc priests
  3 gnoll shamans
  2 bullfrog skeletons
  11 hounds
  2 centaur skeletons
  An iguana (D:8)
  2 orc wizards
  4 worker ants
  A hound skeleton (D:4)
  13 gnolls
  10 adders
  5 shadow imps
  3 oozes
  2 adder skeletons
  5 worms
  2 dart slugs
  3 leopard geckos
  33 orcs
  7 bats
  8 giant cockroaches
  10 goblins
  7 hobgoblins
  11 jackals
  17 kobolds
  6 quokkas
  2 ball pythons
  4 frilled lizards
  11 rats
244 creatures vanquished.

Vanquished Creatures (others)
  A quokka (D:7)
1 creature vanquished.

Grand Total: 245 creatures vanquished

Notes
Turn   | Place    | Note
-------+----------+-------------------------------------------
     0 | D:1      | zezblit the Demonspawn Gladiator began the quest for the Orb.
     0 | D:1      | Reached XP level 1. HP: 16/16 MP: 1/1
    61 | D:1      | Gained mutation: You are partially covered in molten scales. (AC +2) [demonic ancestry]
    61 | D:1      | Reached XP level 2. HP: 9/22 MP: 2/2
   419 | D:2      | Reached XP level 3. HP: 27/27 MP: 3/3
  1580 | D:3      | Gained mutation: You are mostly covered in molten scales. (AC +3) [demonic ancestry]
  1580 | D:3      | Reached XP level 4. HP: 34/34 MP: 4/4
  2438 | D:3      | Found a hazy altar of Hepliaklqana.
  2835 | D:3      | Gained mutation: You have sharp fingernails. [demonic ancestry]
  2835 | D:3      | Reached XP level 5. HP: 36/39 MP: 5/5
  2879 | D:3      | Found a glowing silver altar of Zin.
  3350 | D:5      | Entered Level 5 of the Dungeon
  4039 | D:4      | Found a snail-covered altar of Cheibriados.
  4046 | D:4      | Noticed an ogre
  4053 | D:4      | Killed an ogre
  4053 | D:4      | Gained mutation: You are slightly more attuned to the shadows. [demonic ancestry]
  4053 | D:4      | Reached XP level 6. HP: 28/47 MP: 6/6
  4618 | D:4      | Got a sheer robe
  4889 | D:5      | Found a staircase to the Ecumenical Temple.
  4911 | Temple   | Entered the Ecumenical Temple
  5518 | D:5      | Identified a scroll of acquirement
  5598 | D:5      | Gained mutation: You regenerate a little health from kills. [demonic ancestry]
  5598 | D:5      | Reached XP level 7. HP: 44/53 MP: 7/7
  5645 | D:5      | Found an iron altar of Okawaru.
  5684 | D:5      | Became a worshipper of Warmaster Okawaru
  6488 | D:5      | Reached * piety under Okawaru
  6720 | D:5      | Found Zeor's Antique Weapon Shoppe.
  6731 | D:5      | Bought a runed battleaxe for 180 gold pieces
  6900 | D:5      | Reached skill level 5 in Axes
  6914 | D:5      | Reached skill level 5 in Dodging
  6914 | D:5      | Reached XP level 8. HP: 61/61 MP: 8/8
  7077 | D:5      | Found a blossoming altar of Fedhas.
  7077 | D:5      | Found a bloodstained altar of Trog.
  7218 | D:6      | Reached skill level 5 in Fighting
  7613 | D:7      | Noticed Prince Ribbit
  7627 | D:7      | Killed Prince Ribbit
  7627 | D:7      | Reached skill level 5 in Throwing
  7635 | D:7      | Found a flagged portal.
  7716 | Bailey   | Entered a bailey
  8175 | Bailey   | HP: 1/64 [gnoll sergeant/glaive (9)]
  8201 | Bailey   | HP: 2/64 [gnoll sergeant/glaive (4)]
  8682 | D:7      | Found a white marble altar of Elyvilon.
  8772 | D:7      | Reached ** piety under Okawaru
  8772 | D:7      | Reached XP level 9. HP: 46/69 MP: 6/9
  8983 | D:7      | Found a shimmering altar of Xom.
  9200 | D:7      | :
  9317 | D:8      | Reached *** piety under Okawaru
 10101 | D:10     | Entered Level 10 of the Dungeon
 10293 | D:9      | Found Boliloo's General Store.
 10511 | D:9      | Noticed Grum
 10522 | D:9      | Reached XP level 10. HP: 35/79 MP: 7/10
 10524 | D:9      | Reached skill level 1 in Armour
 10533 | D:9      | Killed Grum
 11102 | D:10     | Received a gift from Okawaru
 11169 | D:10     | Noticed Erolcha
 11184 | D:10     | Killed Erolcha
 11184 | D:10     | Reached **** piety under Okawaru
 11662 | D:10     | Noticed a two-headed ogre
 11670 | D:10     | Killed a two-headed ogre
 11689 | D:10     | Noticed a wizard
 11693 | D:10     | Cast into level 2 of the Abyss (a wizard)
 11730 | D:10     | Escaped the Abyss
 11746 | D:10     | Cast into level 2 of the Abyss (a wizard)
 11771 | D:10     | Escaped the Abyss
 11776 | D:10     | Killed a wizard
 11776 | D:10     | Reached ***** piety under Okawaru
 11979 | D:10     | Noticed a gargoyle
 11990 | D:10     | Killed a gargoyle
 11990 | D:10     | Received a gift from Okawaru
 12464 | D:10     | Noticed Sonja
 12790 | D:10     | HP: 3/80 [Sonja/uncursed short sword of draining (4)]
 13242 | D:10     | Noticed a two-headed ogre
 13257 | D:10     | Slain by a two-headed ogre

Skill      XL: |  1  2  3  4  5  6  7  8  9 10 |
---------------+-------------------------------+-----
Throwing       | 2 3 4 5 6 7 |  7.8
Dodging        | 3 4 5 6 7 8 |  8.0
Axes           | 3 4 5 6 7 8 |  8.0
Fighting       | 3 4 6 7 8 |  8.3
Armour         | 3 |  3.5

Action                   |  1- 3 |  4- 6 |  7- 9 | 10-12 || total
-------------------------+-------+-------+-------+-------++-------
Melee: War axe           |   103 |   261 |     4 |       ||   368
       Hand axe          |       |       |    82 |       ||    82
       Battleaxe         |       |       |   265 |   149 ||   414
Throw: Tomahawk          |     1 |    12 |    28 |     4 ||    45
       Javelin           |       |       |       |     6 ||     6
Invok: Heroism           |       |       |     6 |     5 ||    11
Evoke: Wand              |       |       |     2 |     2 ||     4
  Use: Scroll            |     4 |     8 |    15 |     4 ||    31
       Potion            |       |       |     5 |     1 ||     6
 Stab: Sleeping          |     3 |       |       |       ||     3
  Eat: Chunk             |     2 |    12 |     7 |     2 ||    23
       Fruit             |       |     2 |     2 |     1 ||     5
       Bread ration      |       |       |     1 |     1 ||     2
       Royal jelly       |       |       |     1 |     1 ||     2
Armor: Leather armour    |    31 |       |       |       ||    31
       Scale mail        |    14 |   133 |   240 |   158 ||   545
Dodge: Dodged            |    86 |   168 |   358 |   221 ||   833
